 Dungeon Crawl Stone Soup version 0.21.1-1-g345015f (webtiles) character file.

80523 VLARC the Basher (level 15, -16/80 HPs)
             Began as a Vine Stalker Gladiator on Mar 23, 2018.
             Was the Champion of Yredelemnul.
             Killed from afar by an ancient lich (81 damage)
             ... with an iron shot
             ... on level 3 of the Abyss.
             The game lasted 00:58:31 (17459 turns).

VLARC the Basher (Vine Stalker Gladiator)          Turns: 17459, Time: 00:58:32

Health: -16/80     AC: 26    Str: 21    XL:     15   Next: 67%
Magic:  0/28       EV: 12    Int: 10    God:    Yredelemnul [******]
Gold:   1630       SH:  0    Dex: 12    Spells: 5/14 levels left

rFire    + . .     SeeInvis .   u - +12 morningstar of Calculation {venom, MP+9 Str+4 Stlth+}
rCold    + . .     Gourm    .   b - +0 shield
rNeg     . . .     Faith    .   T - +0 plate armour {rF+}
rPois    +         Spirit   +   c - +0 helmet
rElec    .         Reflect  .   (no cloak)
rCorr    .         Harm     .   p - +1 pair of gloves
MR       +....     Rnd*Rage +   Z - +0 pair of boots "Puil" {rPois rC+} (curse)
Stlth    ..........             A - amulet of magic regeneration
HPRegen  1.03/turn              Q - +6 ring of protection
MPRegen  0.46/turn              n - +3 ring of evasion

@: confused
A: fangs 3, [berserk 2], [clumsy 2], [low mp 2], regeneration 2, [weak 2], magic
shield, antimagic bite, no potion heal 3, rot immunity, [MP-powered wands]
a: Recall Undead Slaves, Injury Mirror, Animate Dead, Drain Life, Enslave Soul,
Renounce Religion


You were on level 3 of the Abyss.
You worshipped Yredelemnul.
Yredelemnul was exalted by your worship.
You were not hungry.

You visited 3 branches of the dungeon, and saw 21 of its levels.
You visited the Abyss 1 time.
You also visited: Labyrinth.

You collected 1705 gold pieces.
You spent 75 gold pieces at shops.

Inventory:

Hand Weapons
 u - the +12 morningstar of Calculation (weapon) {venom, MP+9 Str+4 Stlth+}
   (You found it on level 5 of the Dungeon)

   It poisons the flesh of those it strikes.
   It affects your strength (+4).
   It affects your magic capacity (+9).
   It makes you more stealthy.
Missiles
 d - 3 throwing nets (quivered)
Armour
 b - a +0 shield (worn)
 c - a +0 helmet (worn)
 i - a +2 chain mail of fire resistance
 p - a +1 pair of gloves (worn)
 T - a +0 plate armour of fire resistance (worn)
 Z - the cursed +0 pair of boots "Puil" (worn) {rPois rC+}
   (You found it in a labyrinth)

   It protects you from cold.
   It protects you from poison.
   It has a curse placed upon it.
Jewellery
 m - a cursed ring of loudness {unknown}
 n - a +3 ring of evasion (right hand)
 s - an uncursed ring of positive energy
 A - an amulet of magic regeneration (around neck)
 O - an uncursed ring of see invisible
 Q - a +6 ring of protection (left hand)
Wands
 a - a wand of flame (106)
 x - a wand of acid (13)
 C - a wand of scattershot (5)
 D - a wand of random effects (18)
 L - a wand of polymorph (21)
 P - a wand of iceblast (5)
 U - a wand of enslavement (14)
 W - a wand of digging (12)
Scrolls
 h - 3 scrolls of enchant armour
 k - a scroll of random uselessness {unknown}
 l - 3 scrolls of fear
 r - 3 scrolls of magic mapping
 v - 2 scrolls of teleportation
 w - 3 scrolls of amnesia
 y - 3 scrolls of enchant weapon
 B - 5 scrolls of remove curse
 N - 7 scrolls of identify
 S - a scroll of brand weapon {unknown}
Potions
 e - 3 potions of ambrosia
 g - 3 potions of haste
 j - 10 potions of curing
 o - 7 potions of brilliance
 q - 3 potions of might
 t - 2 potions of mutation
 z - 2 potions of lignification
 E - 2 potions of invisibility
 F - 2 potions of magic
 H - 2 potions of agility
 J - 4 potions of flight {unknown}
Books
 I - a book of Battle

   Spells                             Type                      Level
   a - Infusion                       Charms                       1
   b - Shroud of Golubria             Charms/Translocation         2
   c - Song of Slaying                Charms                       2
   d - Spectral Weapon                Hexes/Charms                 3
   e - Regeneration                   Charms/Necromancy            3
 K - a book of Geomancy

   Spells                             Type                      Level
   a - Sandblast                      Earth                        1
   b - Passwall                       Transmutation/Earth          2
   c - Stone Arrow                    Conjuration/Earth            3
   d - Petrify                        Transmutation/Earth          4
   e - Lee's Rapid Deconstruction     Earth                        5
 M - a book of Power

   Spells                             Type                      Level
   a - Iskenderun's Battlesphere      Conjuration/Charms           5
   b - Venom Bolt                     Conjuration/Poison           5
   c - Bolt of Magma                  Conjuration/Fire/Earth       5
   d - Iron Shot                      Conjuration/Earth            6
   e - Orb of Destruction             Conjuration                  7
   f - Spellforged Servitor           Conjuration/Summoning        7
 X - a book of Transfigurations

   Spells                             Type                      Level
   a - Irradiate                      Conjuration/Transmutation    5
   b - Statue Form                    Transmutation/Earth          6
   c - Hydra Form                     Transmutation                6
   d - Dragon Form                    Transmutation                7
 Y - the Incunabulum of Shifting Good Luck
   (You found it in a labyrinth)

   Spells                             Type                      Level
   a - Shroud of Golubria             Charms/Translocation         2
   b - Swiftness                      Charms/Air                   2
   c - Ignite Poison                  Fire/Transmutation/Poison    3
   d - Statue Form                    Transmutation/Earth          6
   e - Ring of Flames                 Charms/Fire                  7
Miscellaneous
 R - a box of beasts
Comestibles
 f - 33 rations


   Skills:
 - Level 10.0 Fighting
 - Level 12.0 Maces & Flails
 - Level 1.7 Throwing
 + Level 11.5 Armour
 + Level 6.8 Dodging
 - Level 10.7 Shields
 - Level 10.8 Invocations


You had 5 spell levels left.
You knew the following spells:

 Your Spells              Type           Power        Failure   Level  Hunger
a - Borgnjor's Vile Clut  Necr/Erth      #.........   100%        5    ######.
b - Regeneration          Chrm/Necr      #.........   100%        3    ####...
c - Apportation           Tloc           #.....       100%        1    ##.....


Dungeon Overview and Level Annotations

Branches:
Dungeon (14/15)            Temple (1/1) D:7            Lair (6/6) D:9
  Swamp (0/4) Lair:2        Snake (0/4) Lair:2        Slime (0/5) Lair:6
    Orc (0/2) D:9          Vaults (0/5) D:14

Altars:
Ashenzari
Cheibriados
Dithmenos
Elyvilon
Fedhas
Gozag
Hepliaklqana
Kikubaaqudgha
Makhleb
Nemelex Xobeh
Okawaru
Qazlal
Ru
Sif Muna
Trog
Uskayaw
Vehumet
Wu Jian
Xom
Yredelemnul
Zin
The Shining One

Shops:
D:7 *   D:9 [(

Portals:
Hell: Lair:6

Annotations:
D:9 2 transporters
Lair:2 exclusion: oklob plant
Lair:4 exclusion: ice statue


Innate Abilities, Weirdness & Mutations

You have razor-sharp teeth.
You heal very quickly.
When hurt, damage is shared between your health and your magic reserves.
Your bite disrupts and absorbs the magic of your enemies.
Potions cannot restore your health.
You are immune to rotting.
[You often lose your temper in combat.]
[You are very clumsy. (Dex -4)]
[Your magical capacity is very low. (-20% MP)]
[You are very weak. (Str -4)]
[You expend magic power (3 MP) to strengthen your wands.]


Message History

Yredelemnul accepts your kill.
The starspawn's tentacles wither and die.
You feel the corruption within you wane somewhat.
Your connection to magic feels less subdued.
Your vision sharpens.
Your connection to magic feels less subdued.
Your body's shape seems more normal.
Your magic regains its normal vibrancy.
The substance of the Abyss twists violently, and a gateway leading out appears!
Your shield and plate armour prevent you from hitting the ancient lich.
You bite the ancient lich, but do no damage.
You hit the ancient lich. Your bite misses the ancient lich.
The ancient lich is lightly damaged.
The ancient lich casts a spell at you.
You are confused.
You bump into the stone wall.
The ancient lich casts a spell at you. The iron shot hits you!
Ouch! That really hurt!
You die...
Your body rises from the dead as a mindless zombie.

. . . . ..
..
.#.......#.
.. ....
...... . .
..w{w... .
. . ...X...
. . .. ..#
# . . ww .#
#X### # #
####X#@# #
##.§L##
#####


You could see an ancient lich.

Vanquished Creatures
  3 tentacled starspawn (Abyss:3)
  Gastronok (Lair:2)
  The ghost of Shinoi the Basher, a journeyman DsAK of Lugonu (D:14)
  A dire elephant (Lair:6)
  A minotaur (Lab)
  5 hydras
  3 vault guards (D:14)
  2 centaur warriors
  4 two-headed ogres
  8 death yaks
  A thrashing horror (Abyss:3)
  A sun demon (Lair:6)
  Nergalle (Lair:3)
  5 skeletal warriors
  A wretched star (Abyss:3)
  A fire crab (Lair:4)
  A necromancer (D:14)
  Pikel (D:4)
  2 wizards
  An ugly thing (D:13)
  A salamander (Abyss:2)
  The ghost of bmj180 the Cutter, a novice HaFi of Okawaru (D:6)
  6 elephants
  2 manticores
  A smoke demon (Abyss:3)
  2 molten gargoyles (Lair:4)
  3 black mambas
  A guardian serpent (Abyss:2)
  2 centaur zombies (D:14)
  9 spiny frogs
  2 gargoyles
  6 rime drakes
  A demonic crawler (Abyss:3)
  3 komodo dragons
  An efreet (D:13)
  A tengu conjurer (D:12)
  A freezing wraith (D:14)
  An ice devil (Lair:6)
  3 meliai (D:13)
  A troll (D:12)
  A queen bee (D:10)
  Prince Ribbit (D:7)
  A hornet (Lair:3)
  A polar bear (Lair:4)
  3 slime creatures (D:14)
  7 dream sheep
  9 hippogriffs
  17 blink frogs
  7 flying skulls
  4 wraiths (D:10)
  2 wyverns
  18 yaks
  11 humans (D:14)
  A large abomination (Abyss:3)
  A hungry ghost (D:11)
  The ghost of soepske the Slasher, an amateur DsBe of Trog (D:3)
  A basilisk (Lair:2)
  2 vampire mosquitoes (D:13)
  A soldier ant (D:12)
  15 water moccasins
  4 nagas
  2 wargs (D:9)
  A hell hound (Lair:6)
  15 porcupines
  7 orc warriors
  A slave (D:5)
  A black bear (D:6)
  2 small abominations (Abyss:3)
  A phantom (D:8)
  7 wolves
  9 ice beasts
  A necrophage (D:11)
  8 ogres
  11 crocodiles
  6 centaurs
  3 big kobolds
  11 bullfrogs
  A water moccasin zombie (D:8)
  3 scorpions
  16 killer bees
  7 wights
  A howler monkey (D:4)
  4 lava snakes (Lair:4)
  2 bullfrog zombies
  9 crimson imps
  5 hounds
  4 jellies
  3 orc priests
  A bullfrog skeleton (D:5)
  2 iguanas (D:5)
  10 orc wizards
  11 worker ants
  4 ogre skeletons (Lab)
  2 hound skeletons
  A mummy (D:6)
  A worker ant zombie (D:6)
  9 adders
  2 shadow imps
  An adder skeleton (D:6)
  3 worms
  3 dart slugs
  5 leopard geckos
  24 orcs
  A ball python (D:3)
  11 bats
  3 giant cockroaches (D:1)
  9 goblins
  6 hobgoblins
  12 jackals
  2 quokkas
  3 frilled lizards (D:2)
  17 kobolds
  3 kobold zombies (D:6)
  An orc zombie (D:6)
  2 quokka skeletons
  A quokka zombie (D:7)
  5 rats
  A lurking horror (Abyss:2)
  A plant (Lair:5)
  A starspawn tentacle (Abyss:3)
499 creatures vanquished.

Vanquished Creatures (collateral kills)
  A tentacled starspawn (Abyss:3)
  Snorg (Lair:6)
  Josephine (D:10)
  3 hydras
  2 centaur warriors (D:14)
  7 death yaks (Lair:5)
  An unseen horror (D:13)
  A lindwurm (Lair:4)
  An ugly thing (D:13)
  A cyclops (D:13)
  A manticore (D:14)
  A smoke demon (Lair:6)
  3 elephants (Lair:5)
  2 orange demons (Lair:6)
  4 spiny frogs
  A kobold demonologist (D:13)
  A red devil (Lair:6)
  2 ice devils (Lair:6)
  2 rime drakes
  A hornet (D:13)
  2 slime creatures (D:14)
  A dream sheep (Lair:6)
  3 blink frogs (Lair:6)
  2 hippogriffs
  2 wyverns (Lair:4)
  A wraith (D:13)
  5 yaks
  8 humans (D:14)
  A hungry ghost (D:11)
  A vampire mosquito (D:13)
  2 water moccasins (Lair:1)
  An acid dragon (D:11)
  2 hell hounds (Lair:6)
  A porcupine (Lair:2)
  An ice beast (Lair:4)
  2 crocodiles (Lair:2)
  A bullfrog (Lair:5)
  A killer bee (D:10)
  A wight (D:13)
  A quasit (D:13)
  A hound (D:12)
  A bullfrog skeleton (D:11)
  2 worker ants
  An adder (D:12)
  5 orcs
  3 kobolds (D:10)
  13 fungi
  3 plants
105 creatures vanquished.

Vanquished Creatures (others)
  A skeletal warrior (Abyss:3)
  2 death yak zombies
  A demonic crawler zombie (Abyss:3)
  3 meliai zombies (D:13)
  7 flying skulls
  A vampire (D:14)
  A black mamba zombie (Lair:6)
  A wraith (Lair:6)
  5 human zombies
  2 spiny frog zombies
  A slave (D:5)
  2 dream sheep zombies (Lair:6)
  An elephant zombie (Lair:6)
  A lindwurm zombie (Lair:4)
  6 blink frog zombies
  3 rime drake zombies
  A blink frog skeleton (Lair:2)
  2 hippogriff zombies
  2 wyvern zombies
  2 hell hound zombies (Lair:6)
  3 water moccasin zombies
  2 wights (Lair:6)
  A bullfrog zombie (Lair:5)
  3 centaur zombies (D:14)
  A bullfrog skeleton (D:13)
  An orc wizard (D:9)
  A porcupine zombie (Lair:1)
  2 crocodile zombies
  A hound zombie (D:12)
  A mummy (Lair:6)
  2 worker ant zombies
  2 kobold zombies (D:10)
  12 fungi
  4 plants
  12 starspawn tentacles (Abyss:3)
93 creatures vanquished.

Grand Total: 697 creatures vanquished

Notes
Turn   | Place    | Note
-------+----------+-------------------------------------------
     0 | D:1      | VLARC the Vine Stalker Gladiator began the quest for the Orb.
     0 | D:1      | Reached XP level 1. HP: 11/11 MP: 2/2
   117 | D:1      | Reached skill level 3 in Maces & Flails
   117 | D:1      | Reached XP level 2. HP: 14/15 MP: 3/3
   314 | D:1      | Reached XP level 3. HP: 16/18 MP: 4/4
   738 | D:2      | Gained mutation: Your natural rate of healing is unusually fast. [Vine Stalker growth]
   738 | D:2      | Reached XP level 4. HP: 8/23 MP: 3/5
   836 | D:2      | Reached skill level 4 in Maces & Flails
  1465 | D:3      | Noticed soepske's ghost (amateur DsBe)
  1565 | D:4      | Reached XP level 5. HP: 28/28 MP: 6/6
  2009 | D:5      | Entered Level 5 of the Dungeon
  2028 | D:5      | Reached skill level 5 in Maces & Flails
  2033 | D:5      | Got a crude morningstar
  2042 | D:4      | Identified the +12 morningstar of Calculation {venom, MP+9 Str+4 Stlth+} (You found it on level 5 of the Dungeon)
  2131 | D:5      | Reached XP level 6. HP: 28/32 MP: 7/7
  2203 | D:5      | Noticed a slave
  2226 | D:5      | Killed a slave
  2396 | D:5      | Noticed Pikel
  2396 | D:5      | Noticed a slave
  2397 | D:5      | Noticed a slave
  2397 | D:5      | Noticed a slave
  2409 | D:4      | Killed Pikel
  2409 | D:4      | Reached skill level 6 in Maces & Flails
  2409 | D:4      | Reached XP level 7. HP: 23/38 MP: 8/8
  2642 | D:5      | Reached skill level 7 in Maces & Flails
  2874 | D:5      | Gained mutation: You have razor-sharp teeth. [Vine Stalker growth]
  2874 | D:5      | Reached XP level 8. HP: 42/42 MP: 9/9
  3097 | D:5      | Reached skill level 5 in Fighting
  3356 | D:6      | Noticed bmj180's ghost (novice HaFi)
  3505 | D:5      | Reached skill level 8 in Maces & Flails
  3666 | D:6      | Killed bmj180's ghost
  3666 | D:6      | Reached skill level 9 in Maces & Flails
  3666 | D:6      | Reached XP level 9. HP: 35/48 MP: 10/10
  4178 | D:7      | Found Nuoc's Assorted Antiques.
  4223 | D:7      | Bought a scroll of identify for 50 gold pieces
  4223 | D:7      | Bought a scroll labeled JUL EFIVUE for 25 gold pieces
  4380 | D:7      | You fall through a shaft!
  4426 | D:8      | Got a faintly humming ring mail
  4521 | D:7      | Identified the +2 ring mail "Jyovoez" {Dex+4} (You found it on level 8 of the Dungeon)
  4608 | D:7      | Found a sacrificial altar of Ru.
  4626 | D:7      | Found a staircase to the Ecumenical Temple.
  4633 | Temple   | Entered the Ecumenical Temple
  4821 | Temple   | Became a worshipper of Yredelemnul the Dark
  5183 | D:7      | Noticed Prince Ribbit
  5193 | D:7      | Killed Prince Ribbit
  5193 | D:7      | Reached skill level 10 in Maces & Flails
  5200 | D:7      | Found an ornate altar of the Wu Jian Council.
  5210 | D:7      | Found a blossoming altar of Fedhas.
  5214 | D:7      | Found a sparkling altar of Nemelex Xobeh.
  5556 | D:3      | Killed soepske's ghost
  5897 | D:8      | Reached XP level 10. HP: 53/55 MP: 11/11
  6138 | D:8      | Noticed a two-headed ogre
  6177 | D:8      | Killed a two-headed ogre
  6177 | D:8      | Reached skill level 11 in Maces & Flails
  6221 | D:8      | Noticed a two-headed ogre
  6251 | D:8      | Killed a two-headed ogre
  6379 | D:8      | Reached * piety under Yredelemnul
  6757 | D:9      | Found Ziof's Weapon Shoppe.
  6758 | D:9      | Found a staircase to the Orcish Mines.
  6834 | D:9      | Found a transporter.
  6835 | D:9      | Noticed an orc sorcerer
  6835 | D:9      | Noticed a kobold demonologist
  6839 | D:9      | Noticed a kobold demonologist
  6844 | D:9      | Noticed a kobold demonologist
  6852 | D:9      | Found a transporter.
  6901 | D:9      | Found a staircase to the Lair.
  7005 | D:9      | Learned a level 5 spell: Borgnjor's Vile Clutch
  7009 | D:9      | Learned a level 3 spell: Regeneration
  7011 | D:9      | Learned a level 1 spell: Apportation
  7202 | D:9      | Found Wimidgh's Antique Armour Shoppe.
  7330 | D:10     | Entered Level 10 of the Dungeon
  7362 | D:10     | Reached skill level 12 in Maces & Flails
  7369 | D:10     | Noticed Josephine
  7634 | D:10     | Reached ** piety under Yredelemnul
  7634 | D:10     | Reached XP level 11. HP: 62/62 MP: 12/12
  7863 | D:10     | Reached skill level 1 in Invocations
  7866 | D:10     | Killed Josephine
  7866 | D:10     | Reached skill level 10 in Fighting
  7937 | Lair:1   | Entered Level 1 of the Lair of Beasts
  8201 | Lair:1   | Reached skill level 5 in Invocations
  8785 | Lair:2   | Reached *** piety under Yredelemnul
  8805 | Lair:2   | Noticed Gastronok
  8820 | Lair:2   | Killed Gastronok
  8840 | Lair:2   | Found a staircase to the Snake Pit.
  8844 | Lair:2   | Gained mutation: You heal very quickly. [Vine Stalker growth]
  8844 | Lair:2   | Reached XP level 12. HP: 62/67 MP: 19/19
  9028 | Lair:2   | Reached skill level 10 in Invocations
  9639 | Lair:2   | Found a staircase to the Swamp.
 10015 | Lair:3   | Noticed Nergalle
 10412 | Lair:3   | Reached skill level 1 in Armour
 10412 | Lair:3   | Reached skill level 1 in Shields
 10453 | Lair:3   | Killed Nergalle
 10773 | Lair:4   | Reached **** piety under Yredelemnul
 11723 | Lair:4   | Reached skill level 5 in Shields
 11723 | Lair:4   | Reached XP level 13. HP: 57/72 MP: 22/22
 12003 | Lair:5   | Reached skill level 5 in Armour
 12409 | Lair:5   | Received a gift from Yredelemnul (a mummy)
 12762 | Lair:6   | Entered Level 6 of the Lair of Beasts
 12884 | Lair:6   | Noticed Snorg
 13009 | Lair:5   | Reached ***** piety under Yredelemnul
 13109 | Lair:6   | Reached XP level 14. HP: 74/77 MP: 23/23
 13118 | Lair:6   | Received a gift from Yredelemnul (a wight)
 13178 | Lair:6   | Found a staircase to the Slime Pits.
 13308 | Lair:6   | Noticed a dire elephant
 13324 | Lair:6   | Killed a dire elephant
 13363 | Lair:6   | Received a gift from Yredelemnul (a wight)
 13577 | Lair:6   | Killed Snorg
 13741 | Lair:6   | Found a burning altar of Makhleb.
 13780 | Lair:6   | Received a gift from Yredelemnul (a wraith)
 13817 | Lair:6   | Found a gateway to Hell.
 14055 | D:11     | Reached skill level 10 in Shields
 14112 | D:11     | Received a gift from Yredelemnul (5 flying skulls)
 14320 | D:11     | Found a burning altar of Makhleb.
 15162 | D:13     | Found a labyrinth entrance.
 15169 | D:13     | Received a gift from Yredelemnul (a wraith)
 15190 | Lab      | Entered a labyrinth
 15662 | Lab      | Identified the Incunabulum of Shifting Good Luck
 15663 | Lab      | Found the +4 arc blade {discharge, rElec}
 15664 | Lab      | Got a pair of heavily runed boots
 15686 | Lab      | Identified the cursed +0 pair of boots "Puil" {rPois rC+} (You found it in a labyrinth)
 15691 | Lab      | Got a translucent mace
 15952 | D:13     | Identified the +7 mace "Gegrig" {venom, -Tele rF++ Str+4 Stlth+} (You found it in a labyrinth)
 16090 | D:13     | Reached skill level 10 in Armour
 16132 | D:13     | Reached ****** piety under Yredelemnul
 16286 | D:13     | Received a gift from Yredelemnul (a vampire)
 16611 | D:14     | Reached XP level 15. HP: 80/80 MP: 24/24
 16655 | D:14     | Found a white marble altar of Elyvilon.
 16722 | D:14     | Found an iron altar of Okawaru.
 16892 | D:14     | Received a gift from Yredelemnul (2 flying skulls)
 16896 | D:14     | Reached skill level 5 in Dodging
 16910 | D:14     | Noticed Shinoi's ghost (journeyman DsAK)
 16929 | D:14     | Killed Shinoi's ghost
 16967 | D:14     | Received a gift from Yredelemnul (a vampire)
 17020 | D:14     | Found a gate to the Vaults.
 17042 | D:14     | Received a gift from Yredelemnul (3 flying skulls)
 17046 | D:14     | Cast into level 2 of the Abyss (a wizard)
 17168 | Abyss:3  | Noticed a tentacled starspawn
 17177 | Abyss:3  | Killed a tentacled starspawn
 17296 | Abyss:3  | Received a gift from Yredelemnul (a skeletal warrior)
 17297 | Abyss:3  | Noticed a tentacled starspawn
 17307 | Abyss:3  | Killed a tentacled starspawn
 17310 | Abyss:3  | Noticed a profane servitor
 17350 | Abyss:3  | Noticed a tentacled starspawn
 17378 | Abyss:3  | Killed a tentacled starspawn
 17442 | Abyss:3  | Noticed an ancient lich
 17443 | Abyss:3  | Noticed a tentacled starspawn
 17445 | Abyss:3  | Noticed a tentacled starspawn
 17448 | Abyss:3  | Noticed a tentacled starspawn
 17456 | Abyss:3  | Killed a tentacled starspawn
 17459 | Abyss:3  | Killed from afar by an ancient lich

Skill      XL: |  1  2  3  4  5  6  7  8  9 10 11 12 13 14 15 |
---------------+----------------------------------------------+-----
Fighting       | 2 3 4 6 7 9 10 | 10.0
Maces & Flails | 3 4 5 6 7 9 10 12 | 12.0
Invocations    | 8 10 | 10.8
Armour         | 4 8 10 11 | 11.5
Shields        | 5 8 10 | 10.7
Dodging        | 3 6 |  6.8
Throwing       | |  1.7

Action                   |  1- 3 |  4- 6 |  7- 9 | 10-12 | 13-15 || total
-------------------------+-------+-------+-------+-------+-------++-------
Melee: Flail             |    95 |   100 |       |       |       ||   195
       Bite              |    18 |    32 |    41 |   119 |   280 ||   490
       Morningstar       |       |    13 |   137 |   377 |   669 ||  1196
Invok: Animate Remains   |       |       |       |    20 |       ||    20
       Animate Dead      |       |       |       |    14 |    56 ||    70
       Recall Undead Sla |       |       |       |     1 |     2 ||     3
       Drain Life        |       |       |       |       |     5 ||     5
Evoke: Wand              |       |       |       |     1 |       ||     1
  Use: Scroll            |       |     5 |     7 |    16 |     5 ||    33
 Stab: Sleeping          |     1 |     2 |     5 |     7 |     6 ||    21
       Distracted        |       |       |       |     2 |    11 ||    13
  Eat: Chunk             |       |     5 |     8 |    17 |    27 ||    57
       Ration            |       |       |     1 |     3 |     4 ||     8
Armor: Leather armour    |    43 |    41 |    24 |       |       ||   108
       Ring mail         |       |       |    20 |   117 |   120 ||   257
       Plate armour      |       |       |       |       |   189 ||   189
Dodge: Dodged            |    66 |    55 |    51 |   143 |   344 ||   659
Block: Shield            |     6 |    56 |    57 |   149 |   429 ||   697
